 Dungeon Crawl Stone Soup version 0.24.0-29-g8ce449bc06 (webtiles) character file.

Game seed: 17881153274568908221, levelgen mode: deterministic

119 LoneWolf41 the Poker (level 5, -2/40 (41) HPs)
             Began as a Human Chaos Knight on Nov 14, 2019.
             Was a Plaything of Xom.
             Killed from afar by a death drake (shapeshifter) (16 damage)
             ... with a foul vapour
             ... on level 2 of the Dungeon.
             The game lasted 00:21:24 (1900 turns).

LoneWolf41 the Poker (Human Chaos Knight)           Turns: 1900, Time: 00:21:26

HP:   -2/40 (41)    AC:  9    Str: 13    XL:     5   Next: 24%
MP:   5/5           EV: 10    Int: 12    God:    Xom [..*...]
Gold: 50            SH:  0    Dex: 13    Spells: 4/4 levels left

rFire    . . .     SeeInvis .   a - +0 spear (chaos)
rCold    . . .     Gourm    .   (no shield)
rNeg     . . .     Faith    .   i - +0 scale mail
rPois    .         Spirit   .   m - +0 helmet
rElec    .         Reflect  .   l - +0 cloak
rCorr    .         Harm     .   (no gloves)
MR       .....                  (no boots)
Stlth    ..........             (no amulet)
HPRegen  0.13/turn              (no ring)
MPRegen  0.09/turn              (no ring)

@: lethally poisoned (-2 -> -24), slowed, very slow
A: no striking features
a: Renounce Religion


You were on level 2 of the Dungeon.
You worshipped Xom.
You were a toy of Xom.
You were not hungry.

You visited 1 branch of the dungeon, and saw 2 of its levels.

You collected 50 gold pieces.

Inventory:

Hand Weapons
 a - a +0 spear of chaos (weapon)
 j - a +0 glaive
Missiles
 f - 10 poisoned darts (quivered)
Armour
 i - a +0 scale mail (worn)
 l - a +0 cloak (worn)
 m - a +0 helmet (worn)
Scrolls
 e - 2 scrolls of remove curse
Potions
 h - a potion of brilliance {unknown}
Comestibles
 c - 3 rations
 d - 9 chunks of flesh


   Skills:
 - Level 3.0 Fighting
 + Level 4.0 Polearms
 + Level 3.2 Armour
 + Level 2.6 Dodging


You had 4 spell levels left.
You didn't know any spells.
Your spell library was empty.

Dungeon Overview and Level Annotations

Branches:
Dungeon (2/15)

Altars:
Qazlal


Message History

The death drake breathes miasma at you. The foul vapour engulfs you.
You are poisoned.
You feel yourself slow down.
You feel very sick.
The death drake bites you but does no damage.
You feel very sick. The death drake breathes miasma at you.
The foul vapour engulfs you!
You are more poisoned.
You feel your flesh rotting away!
You feel as though you will be slow longer.
* * * LOW HITPOINT WARNING * * *
You feel better. The death drake breathes miasma at you.
The foul vapour engulfs you!
You are lethally poisoned!
You feel your flesh rotting away!
You feel as though you will be slow longer.
You die...
Xom roars with laughter!

*****,*,**,,,,,* #.#### *
*,*,*#..<,,* ######.# *
***,*,*#..,,,* #......# *
*,,,,,**.w,,,* #......####
***,,,,,,,..,,,*#######...[......
,,+,,,,***#w,,,,.................
***,,,,* #.****#######..)...####
****** #(#######.....####.#*
#.§§wk@§......# *####
#########.....#*##_##*
#.....#*8...8* #.....##.....#*
#.....#8,,,,,8# #.....#*,,,,,*#
########8!..8## ##.....##
*8.....8*


You could see a death drake and a dart slug.

Vanquished Creatures
  Jessica (D:2)
  Terence (D:2)
  Robin (D:2)
  An adder (D:2)
  An ooze (D:2)
  A worm (D:2)
  A leopard gecko (D:1)
  A ball python (D:2)
  A giant cockroach (D:2)
  14 goblins
  4 hobgoblins
  3 bats (D:1)
  4 frilled lizards
  2 kobolds (D:1)
  3 rats
39 creatures vanquished.

Vanquished Creatures (others)
  A hobgoblin (D:2)
1 creature vanquished.

Grand Total: 40 creatures vanquished

Notes
Turn   | Place    | Note
-------+----------+-------------------------------------------
     0 | D:1      | LoneWolf41 the Human Chaos Knight began the quest for the
                  | Orb.
     0 | D:1      | Reached XP level 1. HP: 18/18 MP: 1/1
     0 | D:1      | Polearms, Dodging, Shields, Hexes, Armour
   435 | D:1      | XOM: silly message
   488 | D:1      | XOM: silly message
   511 | D:1      | Reached XP level 2. HP: 24/24 MP: 2/2
   525 | D:1      | XOM: divination: detect items
   843 | D:1      | XOM: silly message
  1079 | D:2      | Noticed Jessica
  1086 | D:2      | Reached XP level 3. HP: 26/29 MP: 3/3
  1100 | D:2      | Killed Jessica
  1100 | D:2      | Reached XP level 4. HP: 29/35 MP: 4/4
  1225 | D:2      | XOM: harmless Necr miscast
  1349 | D:2      | Noticed a shapeshifter
  1349 | D:2      | Noticed an orb spider
  1349 | D:2      | a shapeshifter changed into an orb spider
  1558 | D:2      | Noticed Terence
  1579 | D:2      | Killed Terence
  1667 | D:2      | Reached XP level 5. HP: 40/41 MP: 5/5
  1725 | D:2      | XOM: divination: magic mapping
  1730 | D:2      | Reached skill level 4 in Polearms
  1783 | D:2      | Noticed Robin
  1802 | D:2      | Killed Robin
  1832 | D:2      | Found a stormy altar of Qazlal.
  1887 | D:2      | Noticed a hippogriff
  1896 | D:2      | Noticed a death drake
  1900 | D:2      | Killed from afar by a death drake (shapeshifter)

Levels and vault maps discovered:
D:1:      minmay_arrival_nine_rooms, layout_basic
D:2:      layout_basic, nicolae_overflow_hidden_temple, uniq_robin,
          uniq_jessica, uniq_terence

Skill      XL: |  1  2  3  4  5 |
---------------+----------------+-----
Dodging        | 2 |  2.6
Armour         | 3 |  3.2
Polearms       | 4 |  4.0
Fighting       | |  3.0

Action                   |  1- 3 |  4- 6 || total
-------------------------+-------+-------++-------
Melee: Spear             |    71 |   108 ||   179
Throw: Dart              |       |    27 ||    27
  Use: Scroll            |     6 |     3 ||     9
       Potion            |       |     2 ||     2
  Eat: Chunk             |     1 |     2 ||     3
Armor: Leather armour    |    14 |     4 ||    18
       Scale mail        |       |    21 ||    21
Dodge: Dodged            |    39 |    20 ||    59
